AA CENTRAL
SAN ANTONIO MISSIONS @ NORTHWEST ARKANSAS NATURALS
04/19/2042
 
TOP OF THE 1ST
San Antonio Missions batting - Pitching for Northwest Arkansas Naturals : RHP Tony Clark
Pitching: RHP Tony Clark
Batting: RHB Orlando Hernández 0-0: Ball
1-0: Fly out, F9 (Flyball, 9D, EV 110.6 MPH)
Batting: LHB Greg Greene 0-0: Foul Ball, location: 3FF
0-1: Ground out 5-3 (Groundball, 56, EV 86.9 MPH)
Batting: RHB Luis Miguel Ortíz 0-0: SINGLE (Groundball, 56S, EV 69.4 MPH) (infield hit)
Batting: LHB Greg Nikorak 0-0: Called Strike
0-1: Ball
1-1: Ball
2-1: Foul Ball, location: 9LMF
2-2: Foul Ball, location: 3F
2-2: Strikes out swinging
Top of the 1st over - 0 runs, 1 hit, 0 errors, 1 left on base; San Antonio 0 - Northwest Arkansas 0
BOTTOM OF THE 1ST
Northwest Arkansas Naturals batting - Pitching for San Antonio Missions : LHP Billy Grimes
Pitching: LHP Billy Grimes
Batting: SHB Luis Ramírez 0-0: Called Strike
0-1: Ball
1-1: Swinging Strike
1-2: Foul Ball, location: 5SF
1-2: Ball
2-2: Ball
3-2: Fly out, F9 (Flyball, 9LM, EV 84.4 MPH)
Batting: SHB Jesús Catete 0-0: Ball
1-0: Ball
2-0: Foul Ball, location: 9LDF
2-1: Fly out, F8 (Flyball, 8RXD, EV 85.6 MPH)
Batting: RHB Cisco Gómez 0-0: Foul Ball, location: 5FF
0-1: Called Strike
0-2: Strikes out swinging
Bottom of the 1st over - 0 runs, 0 hits, 0 errors, 0 left on base; San Antonio 0 - Northwest Arkansas 0
TOP OF THE 2ND
San Antonio Missions batting - Pitching for Northwest Arkansas Naturals : RHP Tony Clark
Batting: LHB Shawn Jones 0-0: Called Strike
0-1: Ball
1-1: SINGLE (Line Drive, 8RS, EV 108.8 MPH)
Batting: RHB Jeff Wright 0-0: Ball
1-0: Fly out, F3 (Popup, 3SF, EV 86.3 MPH)
Batting: LHB Johann Sorely 0-0: Fly out, F1 (Popup, 15, EV 74.4 MPH)
Batting: RHB John Howatt 0-0: SINGLE (Line Drive, 78S, EV 95.0 MPH)
Shawn Jones to second
Runner from 2nd tries for 3rd, SAFE, throw by LF made to third
Batting: RHB Luis Vázquez 0-0: Swinging Strike
0-1: Ball
1-1: Ball
2-1: Ball
3-1: Foul Ball, location: 2F
3-2: Base on Balls
John Howatt to second
Batting: RHB Orlando Hernández 0-0: Fly out, F9 (Line Drive, 89M, EV 93.8 MPH)
Top of the 2nd over - 0 runs, 2 hits, 0 errors, 3 left on base; San Antonio 0 - Northwest Arkansas 0
BOTTOM OF THE 2ND
Northwest Arkansas Naturals batting - Pitching for San Antonio Missions : LHP Billy Grimes
Batting: RHB Kevin Graves 0-0: Foul Ball, location: 23FF
0-1: Ball
1-1: Ball
2-1: Foul Ball, location: 9LDF
2-2: Foul Ball, location: 3F
2-2: Strikes out swinging
Batting: LHB Pete Barry 0-0: Ball
1-0: Ball
2-0: Called Strike
2-1: Ball
3-1: Called Strike
3-2: Ground out 4-3 (Groundball, 4, EV 77.5 MPH)
Batting: RHB Luis Serrano 0-0: Called Strike
0-1: Ball
1-1: Ball
2-1: Foul Ball, location: 23F
2-2: Foul Ball, location: 5F
2-2: Fly out, F3 (Line Drive, 3, EV 70.6 MPH)
Bottom of the 2nd over - 0 runs, 0 hits, 0 errors, 0 left on base; San Antonio 0 - Northwest Arkansas 0
TOP OF THE 3RD
San Antonio Missions batting - Pitching for Northwest Arkansas Naturals : RHP Tony Clark
Batting: LHB Greg Greene 0-0: Ball
1-0: Foul Ball, location: 9LSF
1-1: Ball
2-1: Ground out 4-3 (Groundball, 4, EV 97.5 MPH)
Batting: RHB Luis Miguel Ortíz 0-0: Foul Ball, location: 5F
0-1: Ball
1-1: Ball
2-1: Fly out, F8 (Flyball, 8RXD, EV 91.3 MPH)
Batting: LHB Greg Nikorak 0-0: Foul Ball, location: 3FF
0-1: Ball
1-1: Ground out 5-3 (Groundball, 5, EV 76.9 MPH)
Top of the 3rd over - 0 runs, 0 hits, 0 errors, 0 left on base; San Antonio 0 - Northwest Arkansas 0
BOTTOM OF THE 3RD
Northwest Arkansas Naturals batting - Pitching for San Antonio Missions : LHP Billy Grimes
Batting: RHB José Mendoza 0-0: Ball
1-0: Fly out, F9 (Flyball, 89M, EV 80.6 MPH)
Batting: RHB Juan Vera 0-0: Ball
1-0: Swinging Strike
1-1: Ball
2-1: DOUBLE (Flyball, 89D, EV 100.0 MPH)
Batting: RHB Luis Rivera 0-0: Called Strike
0-1: Ball
1-1: Ball
2-1: Ball
3-1: Foul Ball, location: 5DF
3-2: Base on Balls
Batting: SHB Luis Ramírez 0-0: Ball
1-0: Ball
2-0: Ball
3-0: Called Strike
3-1: Fly out, F7 (Flyball, 7LM, EV 91.9 MPH)
Batting: SHB Jesús Catete 0-0: Fly out, F8 (Line Drive, 8LM, EV 85.6 MPH)
Bottom of the 3rd over - 0 runs, 1 hit, 0 errors, 2 left on base; San Antonio 0 - Northwest Arkansas 0
TOP OF THE 4TH
San Antonio Missions batting - Pitching for Northwest Arkansas Naturals : RHP Tony Clark
Batting: LHB Shawn Jones 0-0: Ball
1-0: Ball
2-0: Ball
3-0: SINGLE (Line Drive, 9S, EV 90.0 MPH)
Batting: RHB Jeff Wright 0-0: Sac Bunt to 13S - play at first, batter OUT! 1-3
Shawn Jones to second
Batting: LHB Johann Sorely 0-0: Ball
1-0: Ball
2-0: Ball
3-0: Called Strike
3-1: SINGLE (Groundball, 34D, EV 101.3 MPH)
Shawn Jones to third
Runner from 3rd tries for Home, SAFE, throw by RF to home
Johann Sorely to second
Batting: RHB John Howatt 0-0: Called Strike
0-1: Foul Ball, location: 2F
0-2: Ball
1-2: Ball
2-2: Ball
3-2: Strikes out swinging
Batting: RHB Luis Vázquez 0-0: Foul Ball, location: 7LMF
0-1: Foul Ball, location: 3F
0-2: Ground out 4-3 (Groundball, 4, EV 105.6 MPH)
Top of the 4th over - 1 run, 2 hits, 0 errors, 1 left on base; San Antonio 1 - Northwest Arkansas 0
BOTTOM OF THE 4TH
Northwest Arkansas Naturals batting - Pitching for San Antonio Missions : LHP Billy Grimes
Batting: RHB Cisco Gómez 0-0: Ball
1-0: Ball
2-0: Foul Ball, location: 7LMF
2-1: Ball
3-1: Base on Balls
Batting: RHB Kevin Graves 0-0: Ball
1-0: Grounds into double play, 6-4-3 (Groundball, 6, EV 86.9 MPH)
Batting: LHB Pete Barry 0-0: Ball
1-0: Fly out, F9 (Flyball, 9LM, EV 103.8 MPH)
Bottom of the 4th over - 0 runs, 0 hits, 0 errors, 0 left on base; San Antonio 1 - Northwest Arkansas 0
TOP OF THE 5TH
San Antonio Missions batting - Pitching for Northwest Arkansas Naturals : RHP Tony Clark
Batting: RHB Orlando Hernández 0-0: Swinging Strike
0-1: Fly out, F7 (Line Drive, 78M, EV 85.6 MPH)
Batting: LHB Greg Greene 0-0: Foul Ball, location: 25F
0-1: Ball
1-1: Swinging Strike
1-2: Strikes out swinging
Batting: RHB Luis Miguel Ortíz 0-0: Ball
1-0: Reached on error, E5 (Groundball, 56, EV 88.8 MPH)
Batting: LHB Greg Nikorak 0-0: Called Strike
0-1: Ball
1-1: Ball
2-1: Ball
3-1: Base on Balls
Batting: LHB Shawn Jones 0-0: Ball
1-0: Called Strike
1-1: SINGLE (Line Drive, 6MD, EV 61.9 MPH)
Luis Miguel Ortíz to third
Greg Nikorak to second
Runner from 3rd tries for Home, throw by CF and OUT! 8-2
Top of the 5th over - 0 runs, 1 hit, 1 error, 2 left on base; San Antonio 1 - Northwest Arkansas 0
BOTTOM OF THE 5TH
Northwest Arkansas Naturals batting - Pitching for San Antonio Missions : LHP Billy Grimes
Batting: RHB Luis Serrano 0-0: Swinging Strike
0-1: Ball
1-1: Ball
2-1: Ball
3-1: Base on Balls
Batting: RHB José Mendoza 0-0: Reached on error, E3 (Groundball, 23, EV 0.0 MPH)
Luis Serrano to second
Batting: RHB Juan Vera 0-0: Ball
1-0: Called Strike
1-1: Ball
2-1: Sac Bunt to 15 - play at first, batter OUT! 1-4
Luis Serrano to third
José Mendoza to second
Batting: RHB Luis Rivera 0-0: Ball
1-0: Ball
2-0: Ball
Wild Pitch!
Luis Serrano scores
José Mendoza to third
3-0: Base on Balls
Batting: SHB Luis Ramírez 0-0: Ball
1-0: Ball
2-0: Bunted foul
2-1: Ball
3-1: Base on Balls
Luis Rivera to second
Batting: SHB Jesús Catete 0-0: Grounds into fielders choice 4-2 (Groundball, 4, EV 80.6 MPH)
Luis Rivera to third
Luis Ramírez to second
Batting: RHB Cisco Gómez 0-0: Ball
1-0: Called Strike
1-1: Ball
2-1: Ground out 1-3 (Groundball, 15S, EV 61.3 MPH)
Bottom of the 5th over - 1 run, 0 hits, 1 error, 3 left on base; San Antonio 1 - Northwest Arkansas 1
TOP OF THE 6TH
San Antonio Missions batting - Pitching for Northwest Arkansas Naturals : RHP Tony Clark
Batting: RHB Jeff Wright 0-0: Foul Ball, location: 7LSF
0-1: Ball
1-1: Ball
2-1: Ball
3-1: Base on Balls
Pitching: RHP Jim Morgan
Batting: LHB Johann Sorely 0-0: Sac Bunt to P - play at first, batter OUT! 1-3
Jeff Wright to second
Batting: RHB John Howatt 0-0: Swinging Strike
0-1: Foul Ball, location: 5DF
0-2: Foul Ball, location: 9LDF
0-2: Ball
1-2: Strikes out looking
Batting: RHB Luis Vázquez 0-0: Ball
1-0: Ball
2-0: Swinging Strike
2-1: Fly out, F9 (Flyball, 89S, EV 94.4 MPH)
Top of the 6th over - 0 runs, 0 hits, 0 errors, 1 left on base; San Antonio 1 - Northwest Arkansas 1
BOTTOM OF THE 6TH
Northwest Arkansas Naturals batting - Pitching for San Antonio Missions : LHP Billy Grimes
Batting: RHB Kevin Graves 0-0: Ball
1-0: Called Strike
1-1: Swinging Strike
1-2: Strikes out swinging
Batting: LHB Pete Barry 0-0: Ball
1-0: Ball
2-0: Swinging Strike
2-1: Swinging Strike
2-2: Strikes out swinging
Batting: RHB Luis Serrano 0-0: Fly out, F9 (Flyball, 9S, EV 86.9 MPH)
Bottom of the 6th over - 0 runs, 0 hits, 0 errors, 0 left on base; San Antonio 1 - Northwest Arkansas 1
TOP OF THE 7TH
San Antonio Missions batting - Pitching for Northwest Arkansas Naturals : RHP Jim Morgan
Batting: RHB Orlando Hernández 0-0: Swinging Strike
0-1: Ball
1-1: Swinging Strike
1-2: Strikes out swinging
Batting: LHB Greg Greene 0-0: Ball
1-0: SINGLE (Groundball, 34D, EV 106.9 MPH)
Batting: RHB Luis Miguel Ortíz 0-0: Called Strike
0-1: Ball
1-1: Ball
2-1: Ball
3-1: Foul Ball, location: 3SF
3-2: Base on Balls
Greg Greene to second
Pitching: LHP Chris Conley
Batting: RHB Mike Miller 0-0: Called Strike
0-1: Ball
1-1: Ball
2-1: Swinging Strike
2-2: Fly out, F9 (Flyball, 9S, EV 83.1 MPH)
Pinch Hitting: RHB Tim James 0-0: Fielders Choice at 2nd, 6-4 (Groundball, 6, EV 83.1 MPH)
Top of the 7th over - 0 runs, 1 hit, 0 errors, 2 left on base; San Antonio 1 - Northwest Arkansas 1
BOTTOM OF THE 7TH
Northwest Arkansas Naturals batting - Pitching for San Antonio Missions : LHP Billy Grimes
Now in LF: Jorge Cabrera
Batting: RHB José Mendoza 0-0: Ball
1-0: Ball
2-0: Ball
3-0: Called Strike
3-1: Base on Balls
Batting: RHB Juan Vera 0-0: Called Strike
0-1: Fly out, F6 (Popup, 6M, EV 71.9 MPH)
Batting: RHB Luis Rivera 0-0: Called Strike
0-1: Ball
1-1: Foul Ball, location: 2F
1-2: Ball
2-2: Strikes out swinging
Batting: SHB Luis Ramírez 0-0: Ball
1-0: Ball
2-0: Ball
3-0: Base on Balls
José Mendoza to second
Batting: SHB Jesús Catete 0-0: DOUBLE (Groundball, 5L, EV 102.5 MPH)
José Mendoza scores
Luis Ramírez to third
Runner from 3rd tries for Home, SAFE, no throw by LF
Pitching: RHP Mike Hankins
Batting: RHB Cisco Gómez 0-0: Called Strike
0-1: Ball
1-1: Foul Ball, location: 9LMF
1-2: Ball
2-2: Foul Ball, location: 2F
2-2: Ball
3-2: Base on Balls
Batting: RHB Kevin Graves 0-0: Ball
1-0: Ball
2-0: Foul Ball, location: 5F
2-1: Fly out, F2 (Popup, 25F, EV 85.6 MPH)
Bottom of the 7th over - 2 runs, 1 hit, 0 errors, 2 left on base; San Antonio 1 - Northwest Arkansas 3
TOP OF THE 8TH
San Antonio Missions batting - Pitching for Northwest Arkansas Naturals : LHP Chris Conley
Batting: RHB Jeff Wright 0-0: Ground out 5-3 (Groundball, 56, EV 91.3 MPH)
Pinch Hitting: RHB Jeremy Brennan 0-0: Called Strike
0-1: Ball
1-1: Foul Ball, location: 9LMF
1-2: Ball
2-2: DOUBLE (Flyball, 8RXD, EV 98.1 MPH)
Batting: RHB John Howatt 0-0: Fly out, F7 (Flyball, 7S, EV 80.6 MPH)
Batting: RHB Luis Vázquez 0-0: Called Strike
0-1: Ball
1-1: Swinging Strike
1-2: Fly out, F3 (Popup, 3F, EV 66.9 MPH)
Top of the 8th over - 0 runs, 1 hit, 0 errors, 1 left on base; San Antonio 1 - Northwest Arkansas 3
BOTTOM OF THE 8TH
Northwest Arkansas Naturals batting - Pitching for San Antonio Missions : RHP Mike Hankins
Now in RF: Kuan-tai Xian
Batting: LHB Pete Barry 0-0: Called Strike
0-1: Ball
1-1: DOUBLE (Flyball, 78D, EV 109.4 MPH)
Batting: RHB Luis Serrano 0-0: Ball
1-0: Ball
2-0: Ball
3-0: Base on Balls
Batting: RHB José Mendoza 0-0: Foul Ball, location: 25F
0-1: Ball
1-1: Swinging Strike
1-2: Strikes out swinging
Batting: RHB Juan Vera 0-0: SINGLE (Line Drive, 6MD, EV 105.0 MPH)
Pete Barry to third
Luis Serrano to second
Batting: RHB Luis Rivera 0-0: Called Strike
0-1: Foul Ball, location: 2F
0-2: Strikes out swinging
Batting: SHB Luis Ramírez 0-0: Ball
1-0: Ball
2-0: Ball
3-0: Called Strike
3-1: Foul Ball, location: 2F
3-2: Fly out, F8 (Flyball, 89M, EV 81.3 MPH)
Bottom of the 8th over - 0 runs, 2 hits, 0 errors, 3 left on base; San Antonio 1 - Northwest Arkansas 3
TOP OF THE 9TH
San Antonio Missions batting - Pitching for Northwest Arkansas Naturals : LHP Chris Conley
Batting: RHB Orlando Hernández 0-0: Foul Ball, location: 2F
0-1: Ball
1-1: Ball
2-1: Called Strike
2-2: Foul Ball, location: 5F
2-2: Ball
3-2: Strikes out swinging
Pinch Hitting: RHB Peder Fenger 0-0: Fly out, F7 (Line Drive, 7S, EV 90.0 MPH)
Batting: RHB Luis Miguel Ortíz 0-0: Swinging Strike
0-1: Ball
1-1: Swinging Strike
1-2: Foul Ball, location: 25F
1-2: Strikes out looking
Top of the 9th over - 0 runs, 0 hits, 0 errors, 0 left on base; San Antonio 1 - Northwest Arkansas 3
Monday, April 29th , 2024 - OOTP Baseball 24.10 Build 82